Map: New Gettysburg LE

Players

Reverse

  • Race: Terran Terran
  • League: Master

NORTHAMERICA - Winner!

  • Race: Protoss Protoss
  • League: Grandmaster

VOD

Have the link to the VOD?

Description

Time

  • Played on: Nov. 5, 2016, 12:20 a.m.
  • Length: 8:38
Show
View Real Time Build Order
Export as new Build Order

Reverse Terran 

Build Orders:  

Get SALT Encoding   

  12  0:00  SCV  
  13  0:13  SCV  
  14  0:22  Supply Depot  
  14  0:25  SCV  
  15  0:34  Refinery  
  15  0:44  SCV  
  16  0:51  Barracks  
  16  1:05  Barracks  
  16  1:10  SCV  
  17  1:22  SCV  
  18  1:40  Orbital Command  
  18  1:41  Barracks Tech Lab  
  18  1:46  Barracks  
  18  1:52  Barracks Reactor  
  18  2:00  Supply Depot, Concussive Shells  
  18  2:10  Marauder  
  21  2:15  SCV  
  21  2:28  SCV  
  22  2:30  Marine x2  
  22  2:31  Marauder  
  22  2:34  Barracks Reactor  
  26  2:47  Marine  
  26  2:48  Bunker  
  27  2:53  Marauder  
  28  3:05  Marine  
  28  3:06  Marine  
  28  3:11  Marine x2  
  25  3:37  Marine  
  23  3:41  Marine  
  23  3:42  Marine  
  23  3:43  Marine  
  23  3:45  Marauder  
  17  3:59  SCV  
  17  4:04  Marine x2  
  17  4:07  Marauder  
  21  4:14  SCV  
  22  4:25  Marine  
  23  4:41  Marine  
  23  4:54  Supply Depot  
  23  5:11  SCV  
  23  5:23  SCV  
  23  5:25  Marauder, Marine x2  
  27  5:37  Marine  
  28  5:46  SCV  
  25  5:58  SCV  
  24  6:15  SCV  
  22  6:28  SCV  
  23  6:42  SCV  
  24  6:54  SCV  
  25  7:09  Supply Depot  
  25  7:31  SCV  
  25  7:33  Supply Depot  
  26  7:43  SCV  
  27  7:45  Factory, Marine  
  27  7:51  Barracks Tech Lab  
  28  7:55  SCV  
  29  8:05  Marine  
  30  8:07  SCV  
  31  8:19  SCV, Marine x2  
Show
View Real Time Build Order
Export as new Build Order

NORTHAMERICA Protoss - Winner!

Build Orders:  

Get SALT Encoding   

  12  0:01  Probe (Chrono Boost)  
  13  0:11  Probe (Chrono Boost)  
  14  0:19  Pylon  
  14  0:22  Probe (Chrono Boost)  
  15  0:38  Gateway  
  15  0:42  Probe (Chrono Boost)  
  16  0:52  Probe (Chrono Boost)  
  16  0:54  Assimilator  
  17  1:03  Probe (Chrono Boost)  
  18  1:13  Probe (Chrono Boost)  
  19  1:22  Zealot  
  22  1:25  Probe (Chrono Boost)  
  22  1:29  Cybernetics Core  
  22  1:32  Pylon  
  22  1:36  Assimilator  
  22  1:38  Probe (Chrono Boost)  
  23  1:43  Assimilator  
  23  1:47  Zealot  
  23  1:52  Probe (Chrono Boost)  
  26  1:57  Warp Gate  
  28  2:10  Mothership Core (Chrono Boost)  
  28  2:25  Stalker  
  28  2:29  Probe (Chrono Boost)  
  31  2:41  Probe (Chrono Boost)  
  31  2:45  Gateway  
  31  2:48  Gateway  
  31  3:02  Stalker  
  31  3:13  Pylon  
  31  3:32  Stalker  
  31  3:33  Probe (Chrono Boost)  
  34  3:45  Probe (Chrono Boost)  
  35  4:00  Sentry  
  35  4:01  Stalker  
  35  4:07  Mothership Core (Chrono Boost)  
  35  4:10  Pylon  
  35  4:18  Pylon  
  35  4:21  Pylon  
  35  4:30  Stargate  
  35  4:32  Cybernetics Core  
  35  4:39  Probe (Chrono Boost)  
  36  4:48  Pylon  
  36  4:53  Gateway  
  36  4:54  Gateway  
  36  4:55  Gateway  
  36  5:10  Oracle  
  35  5:29  Pylon  
  35  5:41  Oracle  
  37  5:50  Stalker x2, Sentry  
  43  6:08  Pylon  
  43  6:13  Sentry  
  43  6:17  Zealot x2  
  49  6:49  Nexus, Unknown  
  49  6:57  Pylon  
  49  7:00  Robotics Facility  
  49  7:18  Probe (Chrono Boost)  
  51  7:30  Sentry x2, Probe (Chrono Boost)  
  51  7:32  Stalker  
  51  7:35  Pylon  
  57  7:40  Probe (Chrono Boost)  
  58  7:51  Immortal, Probe (Chrono Boost)  
  63  8:01  Unknown, Probe (Chrono Boost)  
  63  8:05  Probe (Chrono Boost)  
  65  8:13  Robotics Bay  
  65  8:14  Probe (Chrono Boost)  
Tags
 
Add a new tag
Caveats
  • Supply blocks, unpowered buildings, or Contaminate may cause inaccurate times.
  • Supply counts are checked every 10 seconds.